 Dungeon Crawl Stone Soup version 0.30.1 (webtiles) character file.

Game seed: 9444913734027157773

906 Dordric the Carver (level 8, -16/54 HPs)
             Began as a Djinni Warper on July 5, 2023.
             Was an Initiate of Okawaru.
             Demolished by a wyvern (18 damage)
             ... on level 7 of the Dungeon.
             The game lasted 00:04:33 (5727 turns).

Dordric the Carver (Djinni Warper)                  Turns: 5727, Time: 00:04:34

Health: -16/54     AC:  4    Str: 10    XL:     8   Next: 29%
Gold:   455        EV: 12    Int: 15    God:    Okawaru [......] SH:  0 Dex: 15

rFire   + . .        v - +6 sling of Fiot {flame, rPois rF- rC- rCorr}
rCold   x . .        (no shield)
rNeg    . . .        b - +0 leather armour
rPois   ∞            F - +0 helmet
rElec   .            (no cloak)
rCorr   +            (no gloves)
SInv    .            (boots unavailable)
Will    +....        j - amulet of faith
Stlth   +            k - ring of protection from cold
HPRegen 0.29/turn    z - ring of willpower
MPRegen 0.00/turn

%: faith, infuse magic (-17 HP)
@: flying
A: sickness immunity, fire resistance 2, cold vulnerability 1, float, innate
caster, HP casting, extra vitality 1
a: Renounce Religion


You were on level 7 of the Dungeon.
You worshipped Okawaru.
Okawaru was noncommittal.
You visited 2 branches of the dungeon, and saw 8 of its levels.

You collected 455 gold pieces.

Inventory:

Hand Weapons
 a - a +0 falchion
 v - the +6 sling of Fiot (weapon) {flame, rPois rF- rC- rCorr}
   (You found it on level 3 of the Dungeon)

   rF:        It makes you vulnerable to fire.
   rC:        It makes you vulnerable to cold.
   rPois:     It protects you from poison.
   rCorr:     It protects you from acid and corrosion.
Missiles
 d - 7 boomerangs of dispersal
Armour
 b - a +0 leather armour (worn)
 s - a +0 scale mail
 F - a +0 helmet (worn)
Jewellery
 i - a ring of ice
 j - an amulet of faith (around neck)
 k - a ring of protection from cold (left hand)
 z - a ring of willpower (right hand)
 A - an amulet of reflection
Wands
 H - a wand of paralysis (11)
Scrolls
 c - 2 scrolls of blinking
 e - 3 scrolls of fog {unknown}
 f - 2 scrolls of fear {unknown}
 g - 9 scrolls of identify {unknown}
 o - 2 scrolls of silence {unknown}
 q - 3 scrolls of amnesia {unknown}
 r - 2 scrolls of enchant armour {unknown}
 t - a scroll of enchant weapon {unknown}
 u - a scroll of immolation {unknown}
 y - a scroll of magic mapping {unknown}
 B - 2 scrolls of teleportation {unknown}
 E - a scroll of noise {unknown}
Potions
 h - 2 potions of degeneration {unknown}
 l - a potion of lignification {unknown}
 m - 5 potions of might {unknown}
 n - 6 potions of curing {unknown}
 p - a potion of attraction {unknown}
 w - a potion of heal wounds {unknown}
 x - a potion of brilliance {unknown}
 C - a potion of haste {unknown}
 D - 2 potions of flight {unknown}
 G - a potion of mutation {unknown}


   Skills:
 - Level 2.0 Fighting
 + Level 8.4 Long Blades
 - Level 0.7 Throwing
 - Level 1.0 Armour
 - Level 2.1 Dodging
 - Level 2.4 Spellcasting


You knew the following spells:

 Your Spells              Type           Power      Damage    Failure   Level
a - Blink                 Tloc           18%        N/A       16%         2
b - Lesser Beckoning      Tloc           18%        N/A       16%         2
c - Vhi's Electric Charg  Tloc/Air       18%        N/A       32%         3
d - Teleport Other        Tloc           9%         N/A       32%         3
e - Manifold Assault      Tloc           9%         N/A       71%         4
f - Freeze                Ice            36%        1d5       11%         1
g - Momentum Strike       Conj/Tloc      18%        3d8       16%         2
h - Scorch                Fire           18%        2d5       16%         2
Your spell library was empty.

Dungeon Overview and Level Annotations

Branches:
Dungeon (7/15)             Temple (1/1) D:6

Altars:
Elyvilon
Fedhas
Gozag
Makhleb
Nemelex Xobeh
Okawaru
Qazlal
Trog
Wu Jian
Zin
The Shining One

Annotations:
D:7 3 runed translucent doors, tizbic2's ghost, novice DjNe


Innate Abilities, Weirdness & Mutations

You are immune to sickness and miasma.
You are immune to poison.
Your flesh is very heat resistant. (rF++)
You are vulnerable to cold. (rC-)
You float through the air rather than walking.
You learn spells naturally, not from books.
Your magical power is your life essence.
You have superior vitality. (+4 MHP)


Message History

The sling bullet barely misses the iguana.
The iguana bites you!
You shoot a sling bullet.
The sling bullet barely misses the iguana.
The iguana bites you. The iguana bites you!
You shoot a sling bullet. The sling bullet hits the iguana!
The sling bullet burns the iguana.
You kill the iguana!
Okawaru accepts your kill.
No target in view!
A wyvern comes into view.
A wyvern is nearby!
A wyvern is nearby!
You shoot a sling bullet. The wyvern hisses angrily.
The sling bullet hits the wyvern.
The sling bullet burns the wyvern.
The wyvern is moderately wounded.
You shoot a sling bullet.
The sling bullet barely misses the wyvern.
You shoot a sling bullet.
The sling bullet hits the wyvern but does no damage.
The wyvern is moderately wounded.
You shoot a sling bullet.
The sling bullet hits the wyvern but does no damage.
The wyvern is moderately wounded.
The wyvern bites you. x2
You are too injured to fight recklessly!
You are too injured to fight recklessly!
You shoot a sling bullet. The sling bullet hits the wyvern.
The sling bullet burns the wyvern.
The wyvern is heavily wounded.
The wyvern misses you. The wyvern bites you. The wyvern barely misses you.
You shoot a sling bullet.
The sling bullet completely misses the wyvern.
The wyvern bites you. The wyvern bites you!
* * * LOW HITPOINT WARNING * * *
You shoot a sling bullet.
The sling bullet closely misses the wyvern.
The wyvern closely misses you. The wyvern bites you!!
You die...

....###..####..
###.......<...#.#
#####..####.#.### #
#..# #......
#######..####.#.#.#
.#................#
⌠######..####.#.#.###.#
.# #....# #........##.
### #.##.# #...@l......
#.#
#.##.######.##...##$
..# #.##........# .....
.# #.########### ....
.####.# ##. ....#.#
......# ....### .##


You could see a wyvern.

Vanquished Creatures
  An ice beast (D:6)
  A centaur (D:6)
  A phantom (D:5)
  3 scorpions
  A howler monkey (D:4)
  7 hounds
  A jelly (D:7)
  An iguana (D:7)
  2 orc wizards (D:6)
  2 gnolls
  2 adders
  3 worms
  A dart slug (D:4)
  8 orcs
  9 bats
  7 endoplasms
  A giant cockroach (D:1)
  8 hobgoblins
  5 jackals
  A quokka (D:4)
  9 ball pythons
  2 frilled lizards (D:2)
  4 goblins
  3 kobolds
  6 rats
89 creatures vanquished.

Notes
Turn   | Place    | Note
-------+----------+-------------------------------------------
     0 | D:1      | Dordric the Djinni Warper began the quest for the Orb.
     0 | D:1      | Dordric set off with the following spells memorised: Blink,
                  | Lesser Beckoning, Vhi's Electric Charge, Teleport Other,
                  | Manifold Assault.
     0 | D:1      | Reached XP level 1. HP: 18/18 MP: 0/0
    31 | D:1      | Reached skill level 2 in Long Blades
   166 | D:1      | Reached XP level 2. HP: 23/23 MP: 0/0
   693 | D:2      | Reached XP level 3. HP: 21/28 MP: 0/0
   693 | D:2      | Learned a level 1 spell: Freeze
   731 | D:2      | Reached skill level 3 in Long Blades
  1545 | D:2      | Reached XP level 4. HP: 17/33 MP: 0/0
  1917 | D:3      | Found a glowing golden altar of the Shining One.
  2227 | D:3      | Reached skill level 4 in Long Blades
  2686 | D:3      | Identified the +6 sling of Fiot {flame, rPois rF- rC-
                  | rCorr}
  2827 | D:3      | Found a sparkling altar of Nemelex Xobeh.
  3005 | D:4      | Found an opulent altar of Gozag.
  3136 | D:4      | Reached XP level 5. HP: 29/38 MP: 0/0
  3136 | D:4      | Learned a level 2 spell: Momentum Strike
  3391 | D:4      | Reached skill level 5 in Long Blades
  3391 | D:4      | Reached XP level 6. HP: 33/43 MP: 0/0
  3793 | D:5      | Entered Level 5 of the Dungeon
  3949 | D:5      | Reached skill level 6 in Long Blades
  4028 | D:5      | Reached XP level 7. HP: 49/49 MP: 0/0
  4028 | D:5      | Learned a level 2 spell: Scorch
  4340 | D:5      | Found an ornate altar of the Wu Jian Council.
  4519 | D:6      | Reached skill level 7 in Long Blades
  4862 | D:6      | Found a staircase to the Ecumenical Temple.
  4911 | Temple   | Entered the Ecumenical Temple
  5026 | Temple   | Became a worshipper of Warmaster Okawaru
  5132 | D:6      | Reached XP level 8. HP: 17/54 MP: 0/0
  5426 | D:6      | Reached skill level 8 in Long Blades
  5529 | D:7      | Found a runed translucent gate.
  5529 | D:7      | Found a runed translucent gate.
  5529 | D:7      | Found a runed translucent gate.
  5600 | D:7      | Noticed tizbic2's ghost (novice DjNe)
  5720 | D:7      | Noticed a wyvern
  5726 | D:7      | HP: 2/54 [wyvern (16)]
  5727 | D:7      | Demolished by a wyvern

Illustrated notes

Levels and vault maps discovered:
D:1:      roderic_dead_forest, layout_rooms, grunt_decor_cap
D:2:      layout_loops_corners
D:3:      layout_loops_corners, general_overflow_altar,
          nemelex_spade_bored_becter, chequers_serial_rivers_micro_d,
          chequers_serial_rivers_small_3, minmay_diced_spiral
D:4:      layout_loops_corners, lemuel_round_altar, small_statue_intersection,
          chequers_serial_rivers_large_b
D:5:      layout_rooms, nzn_wu_jian_council_hall
D:6:      layout_loops_ring, nicolae_overflow_hidden_temple,
          minmay_temple_entry_stoned_glass
D:7:      layout_loops_ring, gammafunk_ghost_nasty_kobolds
Temple:   nicolae_temple_two_arcs

Skill      XL: |  1  2  3  4  5  6  7  8 |
---------------+-------------------------+-----
Long Blades    | 2 3 4 5 6 7 8 |  8.4
Fighting       | |  2.0
Throwing       | |  0.7
Armour         | |  1.0
Dodging        | |  2.1
Spellcasting   | |  2.4

Action                     |  1- 3 |  4- 6 |  7- 9 || total
---------------------------+-------+-------+-------++-------
  Melee: Falchion          |   108 |    62 |       ||   170
         Punch             |     1 |     1 |       ||     2
   Fire: Sling             |       |    61 |    80 ||   141
   Cast: Freeze            |     5 |       |       ||     5
         Blink             |     1 |       |       ||     1
 Armour: Leather armour    |    40 |     1 |    12 ||    53
         Scale mail        |       |    73 |       ||    73
  Dodge: Dodged            |    87 |    67 |    22 ||   176
